 Dungeon Crawl Stone Soup version 0.17-a0-1468-gbf503c2 (webtiles) character file.

280 pulse the Chopper (level 6, -1/49 HPs)
             Began as a Formicid Berserker on July 1, 2015.
             Was a Believer of Trog.
             Killed from afar by Natasha (9 damage)
             ... with a wand of flame
             ... on level 3 of the Dungeon.
             The game lasted 00:05:11 (3650 turns).

pulse the Chopper (Formicid Berserker)              Turns: 3650, Time: 00:05:11

Health: -1/49      AC: 18    Str: 24    XL:     6   Next: 52%
Magic:  15/15      EV:  8    Int:  6    God:    Trog [**....]
Gold:   82         SH:  0    Dex:  9    Spells: 0 memorised, 5 levels left

rFire  . . .     SeeInvis +     h - +2 dagger (protect)
rCold  . . .     Clarity  +     i - +0 chain mail
rNeg   . . .     SustAt   .     (no shield)
rPois  .         Gourm    .     (helmet unavailable)
rElec  .         Spirit   .     (no cloak)
rCorr  .         Warding  .     (no gloves)
rMut   .         Stasis   +     (no boots)
MR     .....                    (no amulet)
Stlth  ..........               (no ring)
                                o - ring of magical power

@: not resistant to hostile enchantments, extremely unstealthy
A: permanent stasis, dig shafts and tunnels, four strong arms, antennae 3, rough
black scales 1, clarity, MP-powered wands
a: Dig, Shaft Self, Burn Spellbooks, Trog's Hand, Renounce Religion


You were on level 3 of the Dungeon.
You worshipped Trog.
Trog was pleased with you.
You were not hungry.

You visited 1 branch of the dungeon, and saw 3 of its levels.

You collected 82 gold pieces.

Inventory:

Hand weapons
 a - a +0 hand axe
 h - a +2 dagger of protection (weapon)
Armour
 i - a +0 chain mail (worn)
Jewellery
 o - a ring of magical power (left hand)
Scrolls
 d - 2 scrolls of identify {unknown}
 e - a scroll of magic mapping {unknown}
 f - a scroll of immolation {unknown}
 g - a scroll of blinking {unknown}
 k - a scroll of teleportation {unknown}
 l - a scroll of amnesia {unknown}
Comestibles
 c - a bread ration
 j - a beef jerky
 m - 4 fruits
 n - a chunk of flesh


   Skills:
 + Level 4.5 Fighting
 * Level 5.7 Axes
 + Level 3.3 Armour
 - Level 1.7 Dodging


You had 5 spell levels left.
You didn't know any spells.

Dungeon Overview and Level Annotations

Branches:
Dungeon (3/15)

Altars:
Gozag

Annotations:
D:3 Natasha


Innate Abilities, Weirdness & Mutations

You are under a permanent stasis effect.
You can dig through walls and to a lower floor.
Your four strong arms can wield two-handed weapons with a shield.
You have a pair of large antennae on your head (SInv).
You are partially covered in rough black scales (AC +4, Dex -1).
You possess an exceptional clarity of mind.
You expend magic power (3 MP) to strengthen your wands.


Message History

Natasha stares at you and mumbles some strange words.
The magic dart hits you!
You hit Natasha but do no damage.
Natasha is moderately wounded.
Natasha hisses.
Natasha zaps a wand.
The puff of flame hits you!
You hit Natasha.
Natasha is moderately wounded.
Natasha zaps a wand.
The puff of flame hits you!
* * * LOW HITPOINT WARNING * * *
The crimson imp hits you but does no damage.
You are too injured to fight recklessly!
You are too injured to fight recklessly!
You are too injured to fight recklessly!
You aren't carrying any potions.
Read which item? (? for menu, Esc to quit)
As you read the scroll labeled INEMPO OPIEDUX, it crumbles to dust.
You feel blessed for a moment.
It was a scroll of remove curse.
Natasha zaps a wand.
The puff of flame hits you!
You die...

####.....(.....<##.......?
#...#####.#####.........
#...# ###'#####...!...(.
#...# #.................
#...# #.................
#... #................
#### #.........(......
#.5h###.?......
###@..)######## #....(.#
#.##...# #.##...# #...<..#
########


You could see Natasha and a crimson imp.

Vanquished Creatures
  An orc warrior (D:2)
  The ghost of pulse the Chopper, a weakling FoBe of Trog (D:3)
  A giant frog skeleton (D:2)
  6 adders
  2 worms (D:2)
  A giant gecko (D:2)
  6 orcs
  10 bats
  3 giant cockroaches
  7 hobgoblins
  6 kobolds
  A ball python (D:2)
  4 giant newts
  8 goblins
  6 rats
63 creatures vanquished.

Notes
Turn   | Place    | Note
--------------------------------------------------------------
     0 | D:1      | pulse the Formicid Berserker began the quest for the Orb.
     0 | D:1      | Reached XP level 1. HP: 18/18 MP: 1/1
   235 | D:1      | Reached XP level 2. HP: 10/24 MP: 2/2
   770 | D:1      | Reached skill level 4 in Axes
   770 | D:1      | Reached XP level 3. HP: 26/29 MP: 3/3
   809 | D:1      | Acquired Trog's second power
  1612 | D:2      | Reached XP level 4. HP: 27/36 MP: 4/4
  2101 | D:2      | Found an opulent altar of Gozag.
  2274 | D:2      | Reached skill level 5 in Axes
  2274 | D:2      | Reached XP level 5. HP: 14/42 MP: 5/5
  2540 | D:3      | Noticed an orc warrior
  2572 | D:3      | Noticed pulse's ghost (weakling FoBe)
  2630 | D:2      | Gained mutation: You possess an exceptional clarity of mind. [potion of mutation]
  2630 | D:2      | Gained mutation: You expend magic power (3 MP) to strengthen your wands. [potion of mutation]
  2630 | D:2      | Gained mutation: You are partially covered in rough black scales (AC +4, Dex -1). [potion of mutation]
  2640 | D:2      | Killed an orc warrior
  2640 | D:2      | Reached XP level 6. HP: 6/48 MP: 6/6
  3298 | D:3      | Killed pulse's ghost
  3477 | D:3      | Noticed Natasha
  3650 | D:3      | Killed from afar by Natasha

Vault maps used:
D:1:      lightli_arrival_lavapool, minmay_misc_feat_square
D:2:      grunt_gozag_breadcrumbs
D:3:      gammafunk_temple_overflow_pools, first_bread, minmay_lizard_king,
          uniq_natasha

Action                   |  1- 3 |  4- 6 || total
-------------------------+-------+-------++-------
Melee: Hand axe          |    58 |       ||    58
       Dagger            |    51 |   236 ||   287
Invok: Trog's Hand       |       |     1 ||     1
  Use: Potion            |       |     4 ||     4
       Scroll            |       |     1 ||     1
 Stab: Sleeping          |     1 |       ||     1
  Eat: Chunk             |     1 |     3 ||     4
       Meat ration       |       |     1 ||     1
